 Dungeon Crawl Stone Soup version 0.28.0 (webtiles) character file.

Game seed: 15252512876604473379

60 Morbidden the Conjurer (level 3, -1/24 HPs)
             Began as a Demonspawn Conjurer on Feb 7, 2022.
             Succumbed to Terence's poison
             ... on level 3 of the Dungeon.
             The game lasted 00:01:07 (1968 turns).

Morbidden the Conjurer (Demonspawn Conjurer)        Turns: 1968, Time: 00:01:07

Health: -1/24      AC:  2    Str:  7    XL:     3   Next: 82%
Magic:  10/15      EV: 12    Int: 21    God:
Gold:   69         SH:  0    Dex: 11    Spells: 3/6 levels left

rFire   . . .      SeeInvis .   c - +0 dagger
rCold   . . .      Faith    .   (no shield)
rNeg    . . .      Spirit   .   a - +0 robe
rPois   .          Reflect  .   (no helmet)
rElec   .          Harm     .   (no cloak)
rCorr   .          Rampage  .   (no gloves)
Will    .....                   (no boots)
Stlth   ++........              (no amulet)
HPRegen 0.08/turn               b - ring of magical power
MPRegen 0.14/turn               (no ring)

@: lethally poisoned (-1 -> -23)
A: hooves 2
a: no special abilities


You were on level 3 of the Dungeon.
You visited 1 branch of the dungeon, and saw 3 of its levels.

You collected 69 gold pieces.

Inventory:

Hand Weapons
 c - a +0 dagger (weapon)
Armour
 a - a +0 robe (worn)
Jewellery
 b - a ring of magical power (left hand)
 f - a ring of magical power
 g - a ring of see invisible
Scrolls
 d - 2 scrolls of amnesia {unknown}
Potions
 e - a potion of degeneration {unknown}


   Skills:
 + Level 1.9 Dodging
 + Level 2.0 Stealth
 + Level 2.2 Spellcasting
 + Level 5.1 Conjurations


You had 3 spell levels left.
You knew the following spells:

 Your Spells              Type           Power      Damage    Failure   Level
a - Magic Dart            Conj           96%        1d7       1%          1
b - Searing Ray           Conj           48%        2d6       2%          2

Your spell library contained the following spells:

 Spells                   Type           Power      Damage    Failure   Level
 Sting                    Tmut/Pois      8%         1d3       14%         1
 Dazzling Flash           Conj/Hex       26%        N/A       16%         3
 Ozocubu's Armour         Ice            2%         N/A       41%         3
 Fulminant Prism          Conj/Hex       6%         3d7       45%         4
 Iskenderun's Mystic Bla  Conj/Tloc      13%        2d5       45%         4
 Animate Armour           Summ/Erth      4%         N/A       82%         4
 Leda's Liquefaction      Hex/Erth       1%         N/A       82%         4
 Borgnjor's Vile Clutch   Necr/Erth      1%         N/A       99%         5
 Iron Shot                Conj/Erth      6%         9d2       100%        6
 Ozocubu's Refrigeration  Ice            1%         4d5       100%        7


Dungeon Overview and Level Annotations

Branches:
Dungeon (2/15)

Altars:

Annotations:
D:3 Terence


Innate Abilities, Weirdness & Mutations

You have hoof-like feet.


Message History

The ball python is heavily wounded.
The ball python hisses angrily.
The magic dart hits the ball python.
You kill the ball python!
Magic restored.
Terence the Incautious comes into view.
He is wielding a +2 short sword of venom.
The magic dart hits Terence but does no damage.
Terence shouts!
Terence is nearby!
The magic dart hits Terence.
Terence is lightly wounded.
Terence says, "Don't bother to defend, it's useless."
Terence is nearby!
The magic dart hits Terence but does no damage.
Terence is lightly wounded.
Terence hits you with a +2 short sword of venom!
You are poisoned.
Terence is nearby!
The magic dart hits Terence but does no damage.
Terence is lightly wounded.
You feel very sick. Terence misses you.
Terence is nearby!
You are too injured to fight recklessly!
Unknown command.
Casting: Magic Dart (safe; 1% risk of failure)
Confirm with . or Enter, or press ? or * to list all spells.
Aiming: Searing Ray (safe; 2% risk of failure)
Press: ? - help, Shift-Dir - straight line, f/p - Terence
Aim: Terence, wielding a +2 short sword of venom and wearing a +0 chain mail (lightly wounded, 85% to hit)
The searing ray hits Terence.
Terence is moderately wounded. (Press . to maintain the ray.)
You feel sick.
Terence hits you with a +2 short sword of venom.
* * * LOW HITPOINT WARNING * * *
You are more poisoned.
Unknown command.
Unknown command.
You die...

. ### .. ######### #..
... #.......#### #.. ....
#..........###.. .....
#.......##......
......#######..########..
#.@.@.# ##..#######..
#####.# ##......##.. #.##
######.#### #..#
####..#.. ##.# ##.......#
##.#####..####..#
##........## #..
#..#.###### #. ####..# #


You could see Terence.

Vanquished Creatures
  2 adders (D:2)
  2 bats
  4 endoplasms
  A giant cockroach (D:2)
  4 hobgoblins
  6 jackals
  2 quokkas
  4 ball pythons
  A frilled lizard (D:1)
  4 goblins
  3 kobolds
  2 rats
35 creatures vanquished.

Notes
Turn   | Place    | Note
-------+----------+-------------------------------------------
     0 | D:1      | Morbidden the Demonspawn Conjurer began the quest for the
                  | Orb.
     0 | D:1      | Reached XP level 1. HP: 13/13 MP: 3/3
   438 | D:1      | Gained mutation: You have large cloven feet. [demonic
                  | ancestry]
   438 | D:1      | Reached XP level 2. HP: 19/19 MP: 5/5
   551 | D:1      | Learned a level 2 spell: Searing Ray
   797 | D:1      | Got the Catalogue of Poisonous Earth
   898 | D:1      | Found a faded altar of an unknown god.
  1026 | D:2      | Gained mutation: You have hoof-like feet. [demonic
                  | ancestry]
  1026 | D:2      | Reached XP level 3. HP: 24/24 MP: 3/6
  1342 | D:2      | Reached skill level 5 in Conjurations
  1897 | D:2      | You fall into a shaft and drop 1 floor!
  1957 | D:3      | Noticed Terence
  1968 | D:3      | Succumbed to Terence's poison

Illustrated notes

Levels and vault maps discovered:
D:1:      dpeg_arrival_long_road, layout_rooms, basic_ecumenical_altar
D:2:      layout_loops_corners, corner_web_ring, minmay_diced_spiral,
          uniq_crazy_yiuf_cottage
D:3:      layout_rooms, amcnicky_altar_gilded, zin_scriptorium,
          mainiacjoe_overflow_catwalk, uniq_natasha, uniq_terence, uniq_ijyb

Skill      XL: |  1  2  3 |
---------------+----------+-----
Stealth        | 2 |  2.0
Conjurations   | 5 |  5.1
Dodging        | |  1.9
Spellcasting   | |  2.2

Action                   || total
-------------------------++-------
Melee: Dagger            ||     1
 Cast: Magic Dart        ||    66
       Searing Ray       ||     3
Armor: Robe              ||     4
Dodge: Dodged            ||     4
